 Dungeon Crawl Stone Soup version 0.18-a0-1788-g92de1ac (webtiles) character file.

77 Etesian the Insei (level 4, 0/33 HPs)
             Began as a Merfolk Transmuter on Apr 21, 2016.
             Succumbed to a kobold's poison
             ... on level 2 of the Dungeon.
             The game lasted 00:06:10 (2129 turns).

Etesian the Insei (Merfolk Transmuter)              Turns: 2129, Time: 00:06:10

Health: 0/33       AC:  3    Str: 10    XL:     4   Next: 34%
Magic:  7/7        EV: 13    Int: 13    God:
Gold:   22         SH:  0    Dex: 14    Spells: 2 memorised, 3 levels left

rFire  . . .     SeeInvis .       - Unarmed
rCold  + . .     Gourm    .     i - +1 robe {rC+}
rNeg   . . .     Faith    .     (no shield)
rPois  .         Spirit   .     (no helmet)
rElec  .         Dismiss  .     (no cloak)
rCorr  .         Reflect  .     (no gloves)
SustAt .         Harm     .     (no boots)
MR     .....                    (no amulet)
Stlth  +.........               (no ring)
                                (no ring)

@: lethally poisoned (0 -> -10), not resistant to hostile enchantments, very
unstealthy
A: change form in water, swift swim
a: no special abilities


You were on level 2 of the Dungeon.
You were not hungry.

You visited 1 branch of the dungeon, and saw 2 of its levels.

You collected 22 gold pieces.

Inventory:

Missiles
 a - 12 arrows
Armour
 i - a +1 robe of cold resistance (worn)
Scrolls
 e - a scroll of recharging
Potions
 g - 2 potions of cancellation
Books
 c - a book of Changes

   Spells                             Type                      Level
   a - Beastly Appendage              Transmutation                1
   b - Sticks to Snakes               Transmutation                2
   c - Spider Form                    Transmutation/Poison         3
   d - Ice Form                       Ice/Transmutation            4
   e - Blade Hands                    Transmutation                5
Comestibles
 d - a bread ration
 f - a meat ration


   Skills:
 + Level 1.8 Fighting
 + Level 3.4 Dodging
 * Level 4.3 Unarmed Combat
 + Level 2.3 Spellcasting
 * Level 3.4 Transmutations


You had 3 spell levels left.
You knew the following spells:

 Your Spells              Type           Power        Failure   Level  Hunger
a - Beastly Appendage     Trmt           ##....       8%          1    #......
b - Spider Form           Trmt/Pois      #.........   38%         3    ###....


Dungeon Overview and Level Annotations

Branches:
Dungeon (2/15)

Altars:
Nemelex Xobeh


Message History

You take 1 damage, and have 4/33 hp.
* * * LOW HITPOINT WARNING * * *
You feel sick.
Things that are here:
a club; a jackal corpse; a goblin corpse You take 1 damage, and have 3/33 hp.
Butcher a jackal corpse? [(y)es/(c)hoosy/(n)o/(a)ll/(e)dible/(q)uit/?]
Butcher a goblin corpse? [(y)es/(c)hoosy/(n)o/(a)ll/(e)dible/(q)uit/?]
You butcher the jackal corpse.
You stop butchering the corpse.
* * * LOW HITPOINT WARNING * * *
You feel sick.
You take 1 damage, and have 2/33 hp.
You butcher the goblin corpse.
* * * LOW HITPOINT WARNING * * *
You feel sick.
Things that are here:
a club; a chunk of flesh; 3 chunks of flesh You take 1 damage, and have 1/33 hp.
Unknown command.
You die...

#..........
###.......... ####
.......###.##. ...
..###.........
###.####.# #.........
##.....##.# ######.###
#.......#.# #......#
#.#....)..#.# #.###..###
#....._@....# #.###.>#..
#.#.......#.###.#.#..#.#
#.......#......#......
##.....##..##.#.#..#.#
###.####..##.###....#
... .).###.##.....#
#####...## #.........
##.# ######.### #. #.#


There were no monsters in sight!

Vanquished Creatures
  Jessica (D:2)
  An adder (D:1)
  An ooze (D:1)
  3 dart slugs (D:1)
  2 giant geckos
  A giant cockroach (D:2)
  2 goblins
  6 hobgoblins (D:1)
  2 jackals (D:2)
  4 kobolds
  3 bats
  A giant newt (D:1)
  4 rats
31 creatures vanquished.

Notes
Turn   | Place    | Note
--------------------------------------------------------------
     0 | D:1      | Etesian the Merfolk Transmuter began the quest for the Orb.
     0 | D:1      | Reached XP level 1. HP: 15/15 MP: 3/3
   519 | D:1      | Reached XP level 2. HP: 21/21 MP: 5/5
   916 | D:1      | Reached XP level 3. HP: 6/26 MP: 6/6
   922 | D:1      | Learned a level 3 spell: Spider Form
  1556 | D:1      | Reached skill level 4 in Unarmed Combat
  2035 | D:2      | Noticed Jessica
  2042 | D:2      | Killed Jessica
  2042 | D:2      | Reached XP level 4. HP: 33/33 MP: 3/7
  2104 | D:2      | Found a sparkling altar of Nemelex Xobeh.
  2128 | D:2      | HP: 1/33 [poisoned by a kobold]
  2129 | D:2      | Succumbed to a kobold's poison

Vault maps used:
D:1:      matt_arrival_grand_opening
D:2:      old_standard_altar, first_bread, uniq_jessica

Skill      XL: |  1  2  3 |
---------------+----------+-----
Dodging        | 3 |  3.4
Transmutations | 3 |  3.4
Unarmed Combat | 4 |  4.3
Fighting       | |  1.8
Spellcasting   | |  2.3

Action                   |  1- 3 |  4- 6 || total
-------------------------+-------+-------++-------
Melee: Unarmed           |   112 |    17 ||   129
       Headbutt          |     8 |     1 ||     9
       Punch             |     1 |     1 ||     2
 Cast: Beastly Appendage |    14 |     1 ||    15
       Spider Form       |     1 |       ||     1
  Use: Scroll            |     4 |     1 ||     5
 Stab: Sleeping          |     2 |       ||     2
  Eat: Chunk             |     4 |       ||     4
Armor: Robe              |    12 |     8 ||    20
Dodge: Dodged            |    70 |    16 ||    86
